 Dungeon Crawl Stone Soup version 0.21-a0-517-gd76cfe0 (webtiles) character file.

97 slep the Chopper (level 4, -11/38 HPs)
             Began as a Hill Orc Gladiator on Dec 4, 2017.
             Mangled by slep's ghost (13 damage)
             ... on level 3 of the Dungeon.
             The game lasted 00:05:09 (1225 turns).

slep the Chopper (Hill Orc Gladiator)               Turns: 1225, Time: 00:05:10

Health: -11/38     AC: 11    Str: 16    XL:     4   Next: 68%
Magic:  4/4        EV:  7    Int:  8    God:
Gold:   36         SH:  3    Dex: 13    Spells: 3/3 levels left

rFire    . . .     SeeInvis .   a - +0 war axe
rCold    . . .     Gourm    .   l - +0 buckler
rNeg     . . .     Faith    .   i - +2 chain mail {rPois}
rPois    +         Spirit   .   c - +0 helmet
rElec    .         Reflect  .   (no cloak)
rCorr    .         Harm     .   (no gloves)
MR       .....                  (no boots)
Stlth    ..........             g - amulet of regeneration
HPRegen  0.52/turn              (no ring)
MPRegen  0.09/turn              (no ring)

@: no status effects
A: no striking features
a: no special abilities


You were on level 3 of the Dungeon.
You were not hungry.

You visited 1 branch of the dungeon, and saw 3 of its levels.

You collected 36 gold pieces.

Inventory:

Hand Weapons
 a - a +0 war axe (weapon)
Missiles
 d - 3 throwing nets (quivered)
Armour
 b - a +0 leather armour
 c - a +0 helmet (worn)
 i - a +2 chain mail of poison resistance (worn)
 l - a +0 buckler (worn)
Jewellery
 g - an amulet of regeneration (around neck)
Scrolls
 e - a scroll of enchant armour {unknown}
 h - a scroll of fear {unknown}
 j - a scroll of magic mapping {unknown}
 n - a scroll of remove curse {unknown}
 o - a scroll of random uselessness {unknown}
 p - 2 scrolls of identify {unknown}
 q - a scroll of teleportation {unknown}
Comestibles
 f - 2 bread rations
 k - 2 royal jellies


   Skills:
 + Level 3.1 Fighting
 + Level 5.1 Axes
 + Level 1.8 Throwing
 + Level 0.9 Armour
 + Level 3.3 Dodging
 + Level 0.2 Stealth


You had 3 spell levels left.
You didn't know any spells.

Dungeon Overview and Level Annotations

Branches:
Dungeon (3/15)

Altars:
Elyvilon
Makhleb

Annotations:
D:2 Sigmund, Terence
D:3 slep's ghost, amateur MiGl


Message History

Slep's ghost hits you but does no damage.
You hit slep's ghost but do no damage.
Slep's ghost is moderately damaged.
Slep's ghost hits you but does no damage.
Your chain mail prevents you from hitting slep's ghost.
Slep's ghost is moderately damaged.
Slep's ghost hits you!
Your shield and chain mail prevent you from hitting slep's ghost.
Slep's ghost is moderately damaged.
Slep's ghost hits you but does no damage.
You miss slep's ghost.
Slep's ghost is moderately damaged.
Slep's ghost hits you!
* * * LOW HITPOINT WARNING * * *
Slep's ghost hits you.
* * * LOW HITPOINT WARNING * * *
You barely miss slep's ghost.
Slep's ghost is moderately damaged.
Slep's ghost hits you!
You die...

########.###
#...@W......
#.######..##
#.# #<# #.#
#.# #.# #.#
#.#


You could see slep's ghost.

Vanquished Creatures
  A hound (D:2)
  Natasha (D:2)
  A worm (D:2)
  4 giant cockroaches
  3 goblins
  6 jackals
  A quokka (D:2)
  5 bats
  10 kobolds
  6 rats
38 creatures vanquished.

Notes
Turn   | Place    | Note
-------+----------+-------------------------------------------
     0 | D:1      | slep the Hill Orc Gladiator began the quest for the Orb.
     0 | D:1      | Reached XP level 1. HP: 18/18 MP: 1/1
    58 | D:1      | Reached XP level 2. HP: 20/25 MP: 2/2
   612 | D:1      | Reached XP level 3. HP: 30/30 MP: 3/3
   797 | D:2      | Found a burning altar of Makhleb.
   810 | D:2      | Reached skill level 5 in Axes
   810 | D:2      | Reached XP level 4. HP: 26/38 MP: 4/4
   849 | D:2      | Noticed Terence
   851 | D:2      | Noticed Sigmund
  1026 | D:2      | Found a white marble altar of Elyvilon.
  1063 | D:2      | Noticed Natasha
  1075 | D:2      | Killed Natasha
  1200 | D:3      | Noticed slep's ghost (amateur MiGl)
  1225 | D:3      | Mangled by slep's ghost

Vault maps used:
D:1:      lemuel_arrival_cross
D:2:      kennysheep_big_flooded_room, makhleb_heckhound_becter,
          elyvilon_altar_4, chequers_ecumenical_altar_twisty,
          supply_closet_lemuel, hangedman_decor_push, uniq_terence,
          uniq_sigmund, uniq_natasha
D:3:      first_bread, nicolae_underground_beach, uniq_ijyb

Skill      XL: |  1  2  3  4 |
---------------+-------------+-----
Fighting       | 3 |  3.1
Axes           | 5 |  5.1
Dodging        | 3 |  3.3
Throwing       | |  1.8
Armour         | |  0.9
Stealth        | |  0.2

Action                   |  1- 3 |  4- 6 || total
-------------------------+-------+-------++-------
Melee: War axe           |    76 |    62 ||   138
  Use: Potion            |       |     1 ||     1
 Stab: Sleeping          |     1 |       ||     1
  Eat: Chunk             |       |     1 ||     1
Armor: Leather armour    |    33 |    11 ||    44
       Chain mail        |       |    31 ||    31
Dodge: Dodged            |    77 |    49 ||   126
Block: Buckler           |       |     8 ||     8

Table legend:
 A = Spawn XP
 B = Non-spawn XP
 C = Spawn XP percentage of total XP
 D = Spawn monster count
 E = Non-spawn monster count
 F = Spawn count percentage of total count
 G = Total turns spent on level
                    A         B        C        D         E        F      G
               +---------+---------+-------+---------+---------+-------+---------
         Total |       0 |     139 |   0.0 |       0 |      38 |   0.0 |  1225
               +---------+---------+-------+---------+---------+-------+---------
           D:1 |       0 |      44 |   0.0 |       0 |      27 |   0.0 |   845
           D:2 |       0 |      94 |   0.0 |       0 |      10 |   0.0 |   346
           D:3 |       0 |       1 |   0.0 |       0 |       1 |   0.0 |    34
               +---------+---------+-------+---------+---------+-------+---------
